 Dungeon Crawl Stone Soup version 0.26-a0-40-gfe7b5d5a6f (webtiles) character file.

Game seed: 2393755878688970956, levelgen mode: deterministic

167 D1HalberdGnoll the Grave Robber (level 5, 0/38 HPs)
             Began as a Human Necromancer on June 1, 2020.
             Succumbed to an adder's poison
             ... on level 4 of the Dungeon.
             The game lasted 00:06:42 (4026 turns).

D1HalberdGnoll the Grave Robber (Human Necromancer) Turns: 4026, Time: 00:06:43

Health: 0/38       AC:  2    Str:  9    XL:     5   Next: 76%
Magic:  1/9        EV: 12    Int: 16    God:
Gold:   176        SH:  0    Dex: 13    Spells: 5/10 levels left

rFire    . . .     SeeInvis .   f - +0 whip
rCold    . . .     Gourm    .   (no shield)
rNeg     . . .     Faith    .   a - +0 robe
rPois    .         Spirit   .   (no helmet)
rElec    .         Reflect  .   (no cloak)
rCorr    .         Harm     .   (no gloves)
MR       .....                  (no boots)
Stlth    ++........             (no amulet)
HPRegen  0.12/turn              (no ring)
MPRegen  0.11/turn              (no ring)

@: lethally poisoned (0 -> -9), very slightly contaminated, invisible
A: no striking features
a: no special abilities


You were on level 4 of the Dungeon.
You were not hungry.

You visited 1 branch of the dungeon, and saw 4 of its levels.

You collected 176 gold pieces.

Inventory:

Hand Weapons
 f - a +0 whip (weapon)
 g - a cursed -1 short sword
Armour
 a - a +0 robe (worn)
Jewellery
 d - an uncursed ring of positive energy {unknown}
Scrolls
 b - a scroll of fear {unknown}
 h - a scroll of amnesia {unknown}
 i - a scroll of enchant armour {unknown}
 j - 3 scrolls of remove curse {unknown}
 k - a scroll of blinking {unknown}
 l - a scroll of random uselessness {unknown}
 n - a scroll of teleportation {unknown}
 o - a scroll of identify
 p - a scroll of enchant weapon {unknown}
Potions
 q - a potion of might
Comestibles
 c - 7 rations


   Skills:
 + Level 2.2 Fighting
 - Level 2.0 Dodging
 - Level 2.0 Stealth
 + Level 3.0 Spellcasting
 * Level 5.4 Necromancy


You had 5 spell levels left.
You knew the following spells:

 Your Spells              Type           Power        Failure   Level  Hunger
a - Pain                  Necr           ###.         1%          1    #......
b - Vampiric Draining     Necr           ###.......   6%          3    ###....
s - Animate Skeleton      Necr           N/A          1%          1    #......

Your spell library contained the following spells:

 Spells                   Type           Power        Failure   Level  Hunger
 Animate Dead             Necr           N/A          21%         4    #####..
 Agony                    Necr           ###.....     50%         5    ######.


Dungeon Overview and Level Annotations

Branches:
Dungeon (4/15)
 Temple: D:4-7

Altars:

Annotations:
D:2 exclusion: downstairs
D:3 Sigmund


Message History

You closely miss the adder.
The adder is almost dead.
* * * LOW HITPOINT WARNING * * *
You feel sick. The adder bites you.
* * * LOW HITPOINT WARNING * * *
You are more poisoned.
The adder poisons you!
You closely miss the adder.
The adder is almost dead.
* * * LOW HITPOINT WARNING * * *
You feel sick. The adder misses you.
It was a potion of invisibility.
You fade into invisibility!
* * * LOW HITPOINT WARNING * * *
You feel sick. The adder closely misses you. The adder barely misses you.
You hit the adder.
You kill the adder!
* * * LOW HITPOINT WARNING * * *
You feel sick.
You die...

#.# ##.## ##...#
.... ### ... ..
#.# [#
#.#####.##.##..##
#...$....@......#
#######.##.......
#.# ####... #.# .
#.# #.# ###### #.#
.....# #######.#
...#.#
#.....#.##########


There were no monsters in sight!

Vanquished Creatures
  A scorpion (D:4)
  7 adders
  An ooze (D:3)
  3 leopard geckos
  4 orcs (D:3)
  2 giant cockroaches
  5 hobgoblins
  4 jackals
  A quokka (D:3)
  A ball python (D:3)
  2 bats (D:3)
  3 frilled lizards
  5 goblins
  4 kobolds
  7 rats
50 creatures vanquished.

Vanquished Creatures (collateral kills)
  A rat (D:2)
1 creature vanquished.

Grand Total: 51 creatures vanquished

Notes
Turn   | Place    | Note
-------+----------+-------------------------------------------
     0 | D:1      | D1HalberdGnoll the Human Necromancer began the quest for
                  | the Orb.
     0 | D:1      | Reached XP level 1. HP: 13/13 MP: 3/3
     5 | D:1      | Learned a level 1 spell: Animate Skeleton
   498 | D:1      | Reached XP level 2. HP: 8/19 MP: 0/5
  1314 | D:2      | Reached XP level 3. HP: 20/25 MP: 0/6
  1370 | D:2      | Reached skill level 1 in Fighting
  1397 | D:2      | HP: 1/26 [poisoned by an adder]
  2223 | D:2      | Reached XP level 4. HP: 30/32 MP: 7/7
  2964 | D:3      | Reached skill level 5 in Necromancy
  2982 | D:3      | Reached XP level 5. HP: 27/38 MP: 1/9
  3171 | D:3      | Noticed Sigmund
  3359 | D:3      | Learned a level 3 spell: Vampiric Draining
  4025 | D:4      | HP: 1/38 [poisoned by an adder]
  4026 | D:4      | Succumbed to an adder's poison

Illustrated notes

Levels and vault maps discovered:
D:1:      shiori_shiawase, layout_loops_ring
D:2:      layout_basic, kennysheep_path_1
D:3:      layout_rooms, uniq_sigmund
D:4:      layout_loops_corners, gammafunk_temple_overflow_claw,
          minmay_temple_entry_waves, first_ration, serial_shops, shop,
          minmay_misc_feat_rows, uniq_edmund, uniq_pikel

Skill      XL: |  1  2  3  4  5 |
---------------+----------------+-----
Fighting       | 1 2 |  2.2
Necromancy     | 5 |  5.4
Spellcasting   | 3 |  3.0
Dodging        | |  2.0
Stealth        | |  2.0

Action                   |  1- 3 |  4- 6 || total
-------------------------+-------+-------++-------
Melee: Whip              |    11 |    17 ||    28
 Cast: Pain              |    43 |    59 ||   102
       Animate Skeleton  |     5 |    10 ||    15
  Use: Potion            |     1 |     3 ||     4
       Scroll            |     1 |       ||     1
 Stab: Distracted        |     1 |       ||     1
  Eat: Chunk             |     1 |     6 ||     7
       Ration            |     1 |       ||     1
Armor: Robe              |       |     4 ||     4
Dodge: Dodged            |    12 |    16 ||    28

Table legend:
 A = Non-vault XP
 B = Vault XP
 C = Vault XP percentage of total XP
 D = Non-vault monster count
 E = Vault monster count
 F = Vault count percentage of total count
                 A         B        C        D         E       F
            +---------+---------+-------+---------+---------+-------
      Total |     239 |       0 |   0.0 |      51 |       0 |   0.0
            +---------+---------+-------+---------+---------+-------
        D:1 |      10 |       0 |   0.0 |       7 |       0 |   0.0
        D:2 |      87 |       0 |   0.0 |      18 |       0 |   0.0
        D:3 |      55 |       0 |   0.0 |      21 |       0 |   0.0
        D:4 |      87 |       0 |   0.0 |       5 |       0 |   0.0
            +---------+---------+-------+---------+---------+-------
